Match 45125503
Unlisted

Match 45125503
End
Panzergrenadier Squad
Selects Panzerjäger Kommand Battlegroup
Selects Mine Fields
250 Light Carrier
Construct Light Support Kompanie
Assault Grenadier Squad
Panzerjäger Squad
Selects Tank Busters
Assault Grenadier Squad
Fire Support Elements
Construct Mechanized Kompanie
Panzerjäger Mechanized Group
Construct Panzerarmee Kommand
Selects Defensive Positions
Assault Grenadier Squad
Walking Stuka Rocket Launcher
2.5-tonne Medical Truck
Panzerpioneer Squad
Selects Butterfly Bomb Drop
Walking Stuka Rocket Launcher
Walking Stuka Rocket Launcher
Selects Crew Shock Tactics
Butterfly Bomb Drop
Flak 36 Anti-tank Gun Team
Butterfly Bomb Drop
Walking Stuka Rocket Launcher
Emergency Repair Kits
Panzer III L Medium Tank
Panzer III L Medium Tank
Assault Mechanized Group
Rapid Advance
Selects Elefant Tank Destroyer
Elefant Tank Destroyer
Theprophetfire
Lil Pijon
Ashkan_Hunter
Penultimate Peacock
Brick_man
76561199424230967
aion907(ROK)
seohs2022
0
0

Comments sign in to comment!

No comments posted yet!